AoeStats
← ERRATI

Arabia

510513194Analyzed
1v1 RM · 2d ago on Oct 1, 2026· 34m 13s· 2 players
Game mode
Random Map
Map size
Tiny (2 player)
Population
200
Speed
Normal
Resources
Standard
Victory
Conquest
Starting age
Dark Age
Ending age
Imperial Age
RankedLock teamsTeams togetherTeam positionsShared explorationLock speedFull tech treeHidden civsTurbo modeCheats
Victory
Defeat
🇩🇪 Magyars · Germany
1130
+38
🇪🇸 Byzantines · Spain
1099
-15
ERRATI
8:07 Loom
10:48 Feudal Age
22:27 Castle Age
20:22 Gold Mining
21:20 Horse Collar
21:30 Double-Bit Axe
22:42 Fletching
24:06 Elite Skirmisher
25:29 Bow Saw
29:30 Wheelbarrow
29:17 Padded Archer Armor
30:46 Pikeman
34:38 Hand Cart
ThreeVils
9:06 Feudal Age
8:24 Loom
10:16 Double-Bit Axe
10:58 Horse Collar
15:44 Bloodlines
21:23 Castle Age
19:31 Gold Mining
20:39 Fletching
20:50 Padded Archer Armor
22:11 Wheelbarrow
22:05 Bodkin Arrow
22:46 Bow Saw
30:34 Imperial Age
28:03 Stone Mining
29:09 Ballistics
29:09 Thumb Ring
30:31 Leather Archer Armor
31:19 Bracer
34:01 Parthian Tactics
Connection lost

Rejoining the realm…

Still unreachable

The connection could not be restored.

Session expired

The server has moved on; the page needs a fresh start.